Map: Invader LE

Players

Womec - Winner!

  • Race: Terran Terran
  • League: Master

Autodidact

  • Race: Terran Terran
  • League: Master

VOD

Have the link to the VOD?

Description

Time

  • Played on: April 27, 2016, 9:17 p.m.
  • Length: 12:50
Show
View Real Time Build Order
Export as new Build Order

Womec Terran - Winner!

Build Orders: Mech 

Get SALT Encoding   

  12  0:03  SCV  
  13  0:15  SCV  
  13  0:19  Supply Depot  
  14  0:27  SCV  
  15  0:41  SCV  
  16  0:44  Barracks  
  16  0:48  Refinery  
  16  0:52  Refinery  
  16  0:55  SCV  
  17  1:07  SCV  
  18  1:20  SCV  
  20  1:34  Factory  
  20  1:38  Orbital Command  
  19  1:42  Reaper  
  20  2:04  SCV  
  20  2:05  Supply Depot  
  21  2:15  Reaper  
  22  2:20  Hellion  
  23  2:27  SCV  
  24  2:44  Command Center  
  24  2:47  Barracks Reactor  
  24  2:50  Hellion  
  26  3:06  SCV  
  26  3:08  Factory  
  27  3:18  SCV  
  27  3:19  Supply Depot  
  28  3:31  Barracks Tech Lab  
  25  3:52  Hellion x2  
  28  3:55  Starport  
  28  3:56  Armory, SCV  
  28  4:00  Orbital Command  
  27  4:08  SCV  
  28  4:12  Cyclone  
  31  4:20  SCV  
  34  4:24  Hellion  
  34  4:26  Hellion  
  34  4:29  SCV  
  37  4:32  Starport Reactor  
  37  4:35  SCV  
  38  4:41  SCV  
  38  4:43  Infernal Pre-Igniter  
  39  4:48  SCV  
  42  4:52  Hellion  
  42  4:55  SCV  
  43  5:00  SCV  
  43  5:01  Refinery  
  44  5:07  SCV  
  44  5:11  Medivac x2  
  44  5:12  SCV  
  50  5:19  SCV  
  50  5:20  Supply Depot  
  51  5:21  Terran Vehicle And Ship Armor Level 1  
  51  5:22  Supply Depot  
  51  5:26  SCV  
  52  5:29  Hellion  
  52  5:30  Hellion  
  54  5:42  Hellion x2  
  58  5:44  Supply Depot  
  58  5:46  Supply Depot  
  58  5:52  Medivac x2  
  58  5:55  SCV  
  58  5:56  SCV  
  64  6:03  Hellion x2  
  68  6:07  Hellion, SCV  
  71  6:16  Hellion x3  
  71  6:27  Hellion  
  71  6:28  Command Center, Viking  
  75  6:49  Refinery  
  75  6:52  Engineering Bay  
  75  6:54  Supply Depot x2  
  75  6:55  Siege Tank  
  75  6:56  Hellion  
  75  6:57  Hellion  
  74  7:29  Siege Tank  
  59  7:30  Hellion x2  
  59  7:31  Medivac x2  
  63  7:42  Terran Vehicle And Ship Armor Level 2  
  63  7:45  Factory  
  63  7:46  Orbital Command  
  63  7:52  Hellion  
  63  7:53  Hellion  
  67  7:59  Factory  
  67  8:01  Missile Turret  
  67  8:03  Missile Turret x2  
  67  8:05  Missile Turret  
  67  8:07  Viking x2  
  71  8:15  SCV x3  
  74  8:20  Siege Tank  
  74  8:21  Hellion x2  
  74  8:25  Missile Turret  
  81  8:30  SCV x2  
  81  8:33  Supply Depot  
  81  8:34  SCV  
  84  8:36  Factory Tech Lab  
  84  8:40  Viking  
  86  8:41  Viking  
  79  9:08  Siege Tank x2  
  79  9:09  Hellion x2  
  89  9:10  Factory Tech Lab  
  89  9:31  Hellion x2  
  93  9:36  Siege Tank  
  96  9:40  Siege Tank x2  
  96  9:43  Supply Depot x2  
  96  9:45  Bunker  
  102  9:46  Supply Depot  
  102  9:52  Hellion  
  90  10:10  Orbital Command  
  90  10:18  Siege Tank x2  
  90  10:19  Hellion x2, Siege Tank  
  103  10:21  Medivac x2  
  103  10:25  Starport  
  107  10:40  Refinery  
  107  10:41  Missile Turret  
  107  10:42  Refinery  
  107  10:46  SCV  
  107  10:47  SCV x2  
  110  10:50  Factory  
  110  10:58  Siege Tank  
  110  10:59  SCV x3  
  116  11:10  Siege Tank  
  116  11:11  Hellion, SCV  
  120  11:53  Siege Tank x3  
  133  11:54  Hellion x3  
  133  11:55  Viking  
  135  12:06  Missile Turret  
  135  12:15  Hellion x2, Widow Mine  
Show
View Real Time Build Order
Export as new Build Order

Autodidact Terran 

Build Orders: Reaper Expand, MMM Bio 

Get SALT Encoding   

  12  0:01  SCV  
  13  0:13  SCV  
  14  0:17  Supply Depot  
  14  0:25  SCV  
  15  0:39  SCV  
  15  0:41  Barracks  
  16  0:48  Refinery  
  16  0:51  SCV  
  18  1:04  SCV  
  18  1:16  SCV  
  19  1:28  Orbital Command  
  19  1:33  Reaper  
  20  1:43  Command Center  
  20  1:54  SCV  
  21  2:00  Supply Depot  
  21  2:06  SCV  
  22  2:10  Barracks Reactor  
  22  2:13  Refinery  
  22  2:18  SCV  
  23  2:30  SCV  
  23  2:33  Factory  
  23  2:42  SCV  
  24  2:48  Marine x2  
  26  2:52  Engineering Bay  
  26  2:54  SCV  
  26  3:01  Orbital Command  
  26  3:03  Bunker  
  26  3:06  Marine, SCV  
  26  3:07  Marine  
  29  3:18  SCV  
  29  3:19  Hellion  
  32  3:26  Starport  
  32  3:28  SCV  
  32  3:30  Marine  
  32  3:31  Marine  
  31  3:43  Hellion  
  31  3:45  SCV x2  
  35  3:52  Marine x2  
  34  3:57  SCV  
  34  4:00  Missile Turret, SCV  
  36  4:08  Factory Tech Lab, Viking  
  36  4:09  Terran Infantry Weapons Level 1  
  38  4:11  SCV  
  38  4:13  Marine x2  
  41  4:20  Supply Depot  
  42  4:24  SCV x2  
  42  4:30  Siege Tank  
  46  4:41  SCV  
  46  4:45  SCV  
  48  4:46  Barracks Tech Lab  
  48  4:50  Barracks  
  48  4:51  Supply Depot  
  48  4:52  Barracks  
  48  4:59  Viking  
  50  5:01  SCV  
  50  5:02  SCV  
  50  5:04  Refinery  
  50  5:06  Refinery  
  52  5:11  Marine  
  52  5:13  SCV  
  52  5:14  SCV  
  55  5:15  Stimpack  
  55  5:21  Missile Turret  
  55  5:25  Siege Tank, SCV  
  59  5:28  Marine  
  59  5:29  SCV  
  59  5:32  Starport Reactor  
  59  5:34  Supply Depot  
  61  5:38  SCV  
  61  5:41  SCV  
  61  5:42  Marine x2  
  66  5:43  Barracks Reactor  
  66  5:49  Marine  
  66  5:50  SCV  
  66  5:54  Supply Depot, SCV  
  68  5:59  Marine  
  68  6:02  SCV  
  68  6:04  Terran Infantry Armor Level 1  
  70  6:05  Siege Tank  
  70  6:06  SCV  
  74  6:14  SCV  
  74  6:16  Medivac x2  
  74  6:17  Supply Depot  
  79  6:18  SCV  
  79  6:21  Supply Depot  
  80  6:26  SCV  
  80  6:28  Missile Turret  
  80  6:31  Marine x3, Missile Turret, SCV  
  80  6:32  Marine  
  85  6:38  SCV  
  87  6:41  Siege Tank  
  87  6:43  SCV  
  91  6:51  Marine x3  
  91  6:52  Marine x2  
  91  6:53  Medivac  
  98  6:54  Medivac  
  98  6:56  Supply Depot  
  100  7:09  Marine  
  74  7:25  SCV x2  
  66  7:37  SCV  
  66  7:38  SCV  
  66  7:44  Command Center, Combat Shields  
  68  7:50  SCV x2  
  70  8:00  Siege Tank  
  70  8:02  SCV x2  
  75  8:14  SCV  
  75  8:18  SCV  
  77  8:24  Marine x5  
  77  8:26  SCV  
  83  8:30  SCV  
  84  8:38  SCV  
  85  8:41  Marine  
  78  8:59  Marine  
  78  9:00  Marine x4  
  78  9:01  Orbital Command, SCV x2  
  85  9:13  Armory  
  85  9:17  Marine  
  85  9:18  Marine  
  85  9:19  SCV x2  
  85  9:27  Siege Tank  
  88  9:31  SCV  
  88  9:33  SCV  
  90  9:38  Orbital Command  
  90  9:42  Marine x4  
  90  9:44  SCV  
  95  9:45  SCV  
  89  10:05  Marine  
  89  10:06  Marine x3  
  76  10:09  Terran Infantry Weapons Level 2  
  76  10:12  SCV x3  
  74  10:14  Siege Tank  
  74  10:17  Factory  
  77  10:24  SCV x3  
  80  10:36  SCV x3  
  80  10:39  Supply Depot  
  80  10:40  Marine x4  
  80  10:41  Engineering Bay  
  87  10:48  SCV x2  
  89  10:56  Terran Vehicle Weapons Level 1, Medivac  
  91  11:02  SCV x2  
  93  11:04  SCV  
  93  11:14  SCV  
  93  11:15  SCV  
  92  11:20  Viking  
  92  11:21  SCV  
  95  11:26  SCV  
  95  11:27  SCV  
  91  11:40  Factory Tech Lab, Siege Tank  
  91  11:41  Viking  
  94  11:50  Orbital Command, Viking  
  96  11:54  SCV x2  
  96  11:56  Marine x5  
  103  12:06  SCV x2  
  105  12:12  Siege Tank  
  105  12:13  Marine, Siege Tank  
  105  12:14  Marine x2  
  82  12:45  Barracks  
Tags
 
Composition
MMM BioMech
Matchup
TvT
Race
Terran
Add a new tag
Caveats
  • Supply blocks, unpowered buildings, or Contaminate may cause inaccurate times.
  • Supply counts are checked every 10 seconds.